 Dungeon Crawl Stone Soup version 0.15.0-14-g6bbbb5c (console) character file.

4229 gw the Cleaver (level 10, 36/91 HPs)
             Began as a Deep Dwarf Fighter on Sept 5, 2014.
             Was an Elder of Makhleb.
             Starved to death
             ... on Level 9 of the Dungeon.
             The game lasted 00:07:48 (8790 turns).

gw the Cleaver (Deep Dwarf Fighter)                 Turns: 8790, Time: 00:07:49

HP  36/91        AC 10     Str 19      XL: 10   Next:  9%
MP  14/14        EV 10     Int 10      God: Makhleb [****..]
Gold 0           SH  0     Dex 13 (15) Spells:  0 memorised,  9 levels left

rFire  . . .     SeeInvis +     w - +0 battleaxe
rCold  . . .     Clarity  .     h - +1 ring mail {rPois}
rNeg   . . .     rCorr    +     (no shield)
rPois  +         rRot     .     (no helmet)
rElec  .         Spirit   .     s - +2 cloak {MR+}
SustAb .         Warding  .     (no gloves)
rMut   .         Stasis   .     (no boots)
Gourm  .                        b - amulet of resist corrosion
MR     ++...                    (no ring)
                                i - ring of see invisible

@: starving, non-regenerating, drained, very resistant to hostile enchantments,
very unstealthy
A: damage resistance, recharge devices, sense surroundings 2, slow healing 3
a: Device Recharging, Minor Destruction, Lesser Servant of Makhleb, Major
Destruction, Renounce Religion


You were on level 9 of the Dungeon.
You worshipped Makhleb.
Makhleb was greatly pleased with you.
You were starving.

You visited 1 branch of the dungeon, and saw 9 of its levels.
You also visited: Ossuary.

Inventory:

Hand weapons
 w - a +0 battleaxe (weapon)
Missiles
 l - 63 stones (quivered)
 t - 5 tomahawks
Armour
 h - a +1 ring mail of poison resistance (worn)
 s - a +2 cloak of magic resistance (worn)
Magical devices
 d - a wand of heal wounds (5)
 e - a wand of paralysis (0) {unknown}
 p - a wand of teleportation (2)
 q - a wand of confusion (6) {unknown}
 r - a wand of random effects (11)
 y - a wand of polymorph (15)
 A - a wand of fire (8)
Comestibles
 f - 4 bread rations
 g - 2 meat rations
 k - a slice of pizza
Scrolls
 m - 8 scrolls of identify
 n - 11 scrolls of remove curse
 u - a scroll of enchant armour
 x - a scroll of teleportation
Jewellery
 b - an amulet of resist corrosion (around neck)
 i - a ring of see invisible (left hand)
Potions
 c - a potion of haste
 j - a potion of magic
 o - 2 potions of restore abilities
 v - a potion of curing {unknown}


   Skills:
 + Level 5.8(5.3) Fighting
 * Level 10.0(9.4) Axes
 + Level 5.3(4.7) Throwing
 + Level 7.0(6.4) Armour
   Level 3.2(2.7) Shields
 + Level 7.7(7.1) Invocations


You had 9 spell levels left.
You didn't know any spells.

Dungeon Overview and Level Annotations

Branches:
Dungeon (9/15)             Temple (0/1) D:6             Orc (0/4) D:9
   Lair (0/8) D:9

Altars:
Makhleb
Trog
Yredelemnul
Zin
The Shining One

Annotations:
D:4 Grinder
D:9 Dowan, Duvessa


Innate Abilities, Weirdness & Mutations

You are resistant to damage.
You can recharge devices by infusing magical energy.
You passively map the area around you.
You do not heal naturally.


Message History

The hungry ghost hits you but does no damage.
The hungry ghost hits you.
You feel slightly more hungry. The hungry ghost barely misses you.
The hungry ghost hits you.
You feel slightly more hungry.
The hungry ghost hits you but does no damage. x3
You can move again.
ATTACKING (1,0)
You slash the hungry ghost!
The hungry ghost is severely damaged.
The hungry ghost hits you.
You feel slightly more hungry.
ATTACKING (1,0)
You miss the hungry ghost.
The hungry ghost is severely damaged.
The hungry ghost hits you but does no damage.
ATTACKING (1,0)
You closely miss the hungry ghost.
The hungry ghost is severely damaged.
The hungry ghost hits you.
You have starved to death.
You die...

,, ,
Z.Z....((########.## #.
,, ,
>.Z...8(.#......)..###.
...((..##.........)... ,
,,.....Z#*#.....$...)...
, ,, ......*
#.....$.[..... , 8,..e..
#.5.......###' , ###
#..........#.) , ,, ,
#####.)........#.. ,
#gWZ)..#######.... *,
,,, * #.####.# #... , ,
* #.# #.# #... , ,
#.####.### ##:. , , ,
#........#### #..
,,...###........'..# ..
..........(....##.# *
..................# * *
..................# >


You could see a hungry ghost and a troll zombie.

Table legend:
 A = Turns spent in this place as a percentage of turns spent in the entire game.
 B = Non-inter-level travel turns spent in this place as a percentage of non-inter-level travel turns spent in the entire game.
 C = Inter-level travel turns spent in this place as a percentage of turns spent in this place.
 D = Turns resting spent in this place as a percentage of non-inter-level travel turns spent in this place.
 E = Turns spent auto-exploring this place as a percentage of non-inter-level travel turns spent in this place.
 F = Non-inter-level travel turns spent in this place divided by the number of levels of this place that you've seen.
                   A       B       C       D       E      F
               +-------+-------+-------+-------+-------+----------------------
         Total | 100.0 | 100.0 |   1.5 |   0.2 |  13.9 | 326.5
       Dungeon |  99.2 |  99.1 |   1.6 |   0.2 |  13.7 | 359.7
       Ossuary |   0.8 |   0.9 |   0.0 |   0.0 |  32.1 |  28.0
               +-------+-------+-------+-------+-------+----------------------

Table legend:
 A = Kills in this place as a percentage of kills in entire the game.
 B = Kills by you in this place as a percentage of kills by you in the entire game.
 C = Kills by friends in this place as a percentage of kills by friends in the entire game.
 D = Other kills in this place as a percentage of other kills in the entire game.
 E = Experience gained in this place as a percentage of experience gained in the entire game.
 F = Experience gained in this place divided by the number of levels of this place that you have seen.
                   A       B       C       D       E      F
               +-------+-------+-------+-------+-------+----------------------
         Total | 100.0 | 100.0 | 100.0 |  -nan | 100.0 | 604.2
       Dungeon | 100.0 | 100.0 | 100.0 |  -nan | 100.0 | 671.3
               +-------+-------+-------+-------+-------+----------------------

Vanquished Creatures
  An orange demon (D:9)
  A two-headed ogre (D:8)
  A hungry ghost (D:7)
  A hippogriff (D:8)
  Edmund (D:4)
  2 black bears
  5 ogres
  An orc warrior (D:9)
  3 phantoms
  An ice beast (D:5)
  A crocodile (D:7)
  A centaur (D:8)
  A big kobold (D:7)
  3 giant frogs
  Blork the orc (D:4)
  2 troll zombies (D:9)
  A yak zombie (D:7)
  2 quasits
  3 wights (D:9)
  2 jellies
  3 crimson imps
  3 hounds
  A centaur zombie (D:8)
  Crazy Yiuf (D:6)
  4 orc priests
  12 orc wizards
  10 worker ants
  Natasha (thrice) (D:5)
  3 ogre zombies (D:9)
  Ijyb (D:4)
  A hound skeleton (D:5)
  3 gnolls (D:7)
  8 adders
  A scorpion zombie (D:5)
  A shadow imp (D:5)
  A white imp (D:6)
  An orc skeleton (D:8)
  4 worms
  An ufetubus (D:6)
  9 giant geckos
  An ooze (D:7)
  38 orcs
  10 bats
  9 giant cockroaches
  13 hobgoblins
  13 jackals
  2 quokkas
  A ball python (D:1)
  A giant gecko skeleton (D:4)
  2 giant newts
  A giant newt skeleton (D:4)
  10 goblins
  4 goblin zombies
  3 hobgoblin zombies
  19 kobolds
  A kobold skeleton (D:7)
  10 orc zombies (D:9)
  15 rats
258 creatures vanquished.

Vanquished Creatures (collateral kills)
  A smoke demon (D:6)
  An orange demon (D:6)
  Eustachio (D:6)
  2 black bears (D:7)
  A giant frog (D:6)
  A goliath beetle (D:6)
  An orc wizard (D:9)
  An ooze (D:6)
  3 orcs (D:9)
12 creatures vanquished.

Vanquished Creatures (others)
  A hellwing (D:9)
  A ynoxinul (D:7)
  3 ufetubi
5 creatures vanquished.

Grand Total: 275 creatures vanquished

Notes
Turn   | Place    | Note
--------------------------------------------------------------
     0 | D:1      | gw, the Deep Dwarf Fighter, began the quest for the Orb.
     0 | D:1      | Reached XP level 1. HP: 20/20 MP: 1/1
   476 | D:1      | Reached XP level 2. HP: 25/27 MP: 2/2
  1256 | D:2      | Reached skill level 1 in Throwing
  1256 | D:2      | Reached XP level 3. HP: 23/34 MP: 3/3
  1480 | D:2      | Found a basalt altar of Yredelemnul.
  1613 | D:2      | Reached XP level 4. HP: 23/42 MP: 4/4
  2355 | D:3      | Found a burning altar of Makhleb.
  2363 | D:3      | Became a worshipper of Makhleb the Destroyer
  2925 | D:3      | Reached skill level 1 in Invocations
  3086 | D:4      | Noticed Blork the orc
  3095 | D:4      | Killed Blork the orc
  3095 | D:4      | Reached skill level 4 in Axes
  3095 | D:4      | Reached XP level 5. HP: 36/49 MP: 4/6
  3127 | D:4      | Noticed Grinder
  3145 | D:4      | Noticed Edmund
  3234 | D:4      | Acquired Makhleb's first power
  3247 | D:4      | Killed Edmund
  3247 | D:4      | Reached XP level 6. HP: 48/56 MP: 6/8
  3427 | D:4      | Noticed Ijyb
  3435 | D:4      | Killed Ijyb
  3623 | D:4      | Noticed a phantom
  3655 | D:4      | Killed a phantom
  3655 | D:4      | Reached skill level 5 in Axes
  3745 | D:4      | Reached XP level 7. HP: 32/63 MP: 10/10
  4370 | D:5      | Entered Level 5 of the Dungeon
  4524 | D:5      | Acquired Makhleb's second power
  4583 | D:5      | Noticed Natasha
  4588 | D:5      | Killed Natasha
  4603 | D:5      | Reached skill level 6 in Axes
  4654 | D:5      | Found a glowing golden altar of the Shining One.
  4684 | D:5      | Reached skill level 5 in Armour
  4810 | D:5      | Noticed Natasha
  4816 | D:5      | Killed Natasha
  4956 | D:5      | Found a sand-covered staircase.
  4972 | Ossuary  | Entered an ossuary
  5061 | D:5      | Noticed Natasha
  5065 | D:5      | Killed Natasha
  5430 | D:6      | Noticed Eustachio
  5656 | D:6      | Acquired Makhleb's third power
  5656 | D:6      | Reached XP level 8. HP: 54/72 MP: 12/12
  5780 | D:6      | HP: 3/73 [ynoxinul/iron shot[the player character] (43)]
  5780 | D:6      | HP: 1/73 [ufetubus[the player character] (1)]
  5825 | D:6      | Reached skill level 7 in Axes
  5919 | D:6      | Killed Eustachio
  5919 | D:6      | Reached skill level 5 in Invocations
  5978 | D:6      | Found a staircase to the Ecumenical Temple.
  6166 | D:6      | Noticed Crazy Yiuf
  6180 | D:6      | Killed Crazy Yiuf
  6491 | D:7      | Found a glowing silver altar of Zin.
  6507 | D:7      | Found a bloodstained altar of Trog.
  6551 | D:7      | Reached skill level 5 in Fighting
  6576 | D:7      | Reached skill level 8 in Axes
  6602 | D:7      | Gained mutation: You passively map the area around you. [level up]
  6602 | D:7      | Reached XP level 9. HP: 63/81 MP: 11/13
  7387 | D:8      | Acquired Makhleb's fourth power
  7664 | D:8      | Reached skill level 9 in Axes
  8281 | D:9      | Noticed Dowan
  8283 | D:9      | Noticed Duvessa
  8286 | D:9      | Reached skill level 5 in Throwing
  8369 | D:9      | Found a staircase to the Orcish Mines.
  8449 | D:9      | Found a staircase to the Lair.
  8523 | D:9      | Reached XP level 10. HP: 47/91 MP: 15/15
  8685 | D:9      | Reached skill level 10 in Axes
  8790 | D:9      | Starved to death

Action                   |  1- 3 |  4- 6 |  7- 9 | 10-12 || total
-------------------------+-------+-------+-------+-------++-------
Melee: War axe           |   116 |   149 |   429 |    50 ||   744
       Battleaxe         |       |       |       |    44 ||    44
Throw: Stone             |    61 |   113 |   283 |    44 ||   501
Invok: Minor Destruction |       |       |    53 |       ||    53
       Lesser Servant of |       |       |     9 |       ||     9
       Major Destruction |       |       |     2 |       ||     2
 Abil: Device Recharging |       |     1 |     5 |     1 ||     7
Evoke: Wand              |     1 |     4 |    24 |     3 ||    32
  Use: Scroll            |     3 |     7 |     7 |       ||    17
       Potion            |     2 |     3 |     5 |       ||    10
 Stab: Invisible         |       |       |     1 |       ||     1
       Distracted        |       |       |     1 |       ||     1
  Eat: Chunk             |     2 |     8 |    20 |     1 ||    31

Vault maps used:
D:1:      saegor_arrival_under_anarchy
D:2:      nicolae_overflow_hidden_temple, eino_tiny_chamber
D:3:      lemuel_crystal_altar, gup_sewer_entry_spiral,
          kennysheep_generic_room_3
D:4:      first_bread, columned_hall_lemuel, kennysheep_doodads, uniq_grinder,
          uniq_edmund, uniq_blork_the_orc, uniq_iyjb
D:5:      nicolae_tso_carved_into_rock, enter_ossuary_4, hex_intersection,
          uniq_natasha
D:6:      temple_hall_moat, uniq_crazy_yiuf_cottage, uniq_eustachio
D:7:      trog_ov_bears_minmay, overflow_temple_1_default
D:8:      corexii_leaking_fountain
D:9:      zombieorc2_lemuel, lair_0_dummy, grunt_ogre_cave, uniq_duvessa
Ossuary:  ossuary_minmay_four_chambers
